 Dungeon Sprint DCSS version bcrawl-1.21.3-2-g9d8a61a446 (webtiles) character file.

Game seed: 6548254917720672590

1342 funkygono the Devastator (level 8, -9/47 HPs)
             Began as a Fairy Conjurer on Apr 12, 2020.
             Was a Believer of Vehumet.
             Killed from afar by a red draconian (26 damage)
             ... with a blast of flame
             ... in the Dungeon (Sprint V: "Ziggurat Sprint").
             The game lasted 00:03:52 (266 turns).

funkygono the Devastator (Fairy Conjurer)            Turns: 266, Time: 00:03:52

Health: -9/47      AC:  5    Str: 18    XL:     8   Next: 62%
Magic:  14/24      EV: 26    Int: 52    God:    Vehumet [**....]
Gold:   0          SH:  5    Dex: 18    Spells: 12/27 levels left

rFire    . . .     SeeInvis .   s - +6 Majin-Bo {vamp, *Drain Str+12 Int+24}
rCold    . . .     Gourm    .   (shield currently unavailable)
rNeg     . . .     Faith    .   (armour unavailable)
rPois    .         Spirit   .   (no helmet)
rElec    .         Reflect  .   (no cloak)
rCorr    .         Harm     .   (no gloves)
MR       .....     NoTele   +   (no boots)
Stlth    ++........             (no amulet)
HPRegen  0.15/turn              t - +6 ring of dexterity
MPRegen  0.19/turn              v - +6 ring of intelligence

@: flying evasively
A: small, magic attunement, unstealthy, unfitting armour, able to fly, AC/SH +5
a: Stop Flying, Renounce Religion


You were in the Dungeon.
You worshipped Vehumet.
Vehumet was pleased with you.
You were not hungry.

You visited 1 branch

Inventory:

Hand Weapons
 s - the +6 Majin-Bo (weapon) {vamp, *Drain Str+12 Int+24}
   (You found it in the Dungeon)

   It inflicts no extra harm, but heals its wielder when it wounds a living foe.
   It affects your strength (+12).
   It affects your intelligence (+24).
   It causes draining when unequipped.
Magical Staves
 u - an uncursed staff of cold
Jewellery
 t - a +6 ring of dexterity (left hand)
 v - a +6 ring of intelligence (right hand)
 w - a +6 ring of intelligence
Scrolls
 h - 4 scrolls of blinking
 n - 4 scrolls of amnesia
 o - 7 scrolls of fog
 p - 5 scrolls of identify
 q - 5 scrolls of remove curse
 r - 2 scrolls of fear
Potions
 a - 2 potions of brilliance
 b - 8 potions of magic
 c - 9 potions of heal wounds
 d - 10 potions of curing
 f - 6 potions of haste
 g - 3 potions of berserk rage
 i - 2 potions of invisibility
 j - 4 potions of resistance
 l - 5 potions of agility
 m - 5 potions of might
Comestibles
 e - 6 rations {!d}
 k - 6 chunks of flesh


   Skills:
 + Level 0.4 Fighting
 + Level 10.7 Dodging
 + Level 3.2 Stealth
 + Level 10.3 Spellcasting
 + Level 16.5 Conjurations


You had 12 spell levels left.
You knew the following spells:

 Your Spells              Type           Power        Failure   Level  Hunger
a - Magic Dart            Conj           ####         0%          1    None
b - Searing Ray           Conj           ########     0%          2    None
c - Iskenderun's Mystic   Conj           ########     0%          3    None
d - Stone Arrow           Conj/Erth      ######       1%          3    None
e - Poison Arrow          Conj/Pois      #######...   1%          6    None

Your spell library contained the following spells:

 Spells                   Type           Power        Failure   Level  Hunger
 Sandblast                Erth           ####..       1%          1    None
 Corpse Rot               Necr           N/A          1%          2    None
 Fulminant Prism          Conj/Hex       #######...   1%          4    None
 Irradiate                Conj/Tmut      #######...   1%          5    None
 Tree Form                Hex/Tmut       N/A          8%          4    None
 Summon Forest            Summ/Tloc      ####......   21%         5    None
 Death Channel            Chrm/Necr      ####......   75%         6    None
 Summon Hydra             Summ           ####......   75%         6    None
 Haunt                    Necr/Summ      ####......   99%         7    None
 Borgnjor's Revivificati  Necr           ####......   100%        8    None
 Necromutation            Tmut/Necr      ####....     100%        8    None


Dungeon Overview and Level Annotations

Branches:
Dungeon (1/1)

Altars:
Ashenzari
Cheibriados
Dithmenos
Elyvilon
Fedhas
Gozag
Hepliaklqana
Kikubaaqudgha
Lugonu
Makhleb
Nemelex Xobeh
Okawaru
Qazlal
Ru
Sif Muna
Trog
Uskayaw
Vehumet
Wu Jian
Xom
Yredelemnul
Zin
The Shining One
Beogh
Jiyva

Annotations:
D 1 transporter


Innate Abilities, Weirdness & Mutations

Your spells do not cause hunger and MP costs are reduced by 1.
Your bright wings attract enemies. (Stealth-)
You cannot fit into any form of body armour.
Your shimmering scales are hard and can block incoming attacks. (AC +5, SH +5)
You are small and have problems with some larger weapons.
You can fly continuously.


Message History

The draconian is heavily wounded.
The mystic blast hits the draconian.
The draconian is lightly wounded.
The mystic blast hits the red draconian!
The red draconian is lightly wounded.
The draconian completely misses you.
Casting: Iskenderun's Mystic Blast (safe; 0% risk of failure)
Confirm with . or Enter, or press ? or * to list all spells.
Aiming: Iskenderun's Mystic Blast (safe; 0% risk of failure)
Press: ? - help, Shift-Dir - straight line, f - draconian
Aim: a draconian, wielding a +0 dagger and wearing an uncursed ring of wizardry (heavily wounded)
The orb of energy hits the draconian!!
The draconian is almost dead.
The orb of energy explodes!
The mystic blast hits the red draconian!!!
The red draconian is heavily wounded.
The red draconian throws flames at you. The blast of flame hits you!!
Ouch! That really hurt!
You die...

▓▓▓▓▓▓▓▓▓▓▓▓▓▓▓▓▓▓▓
▓.8©8.▓.8©8.▓.8©8.▓
▓...).▓.)[..▓.....▓
▓..|..▓.....▓.....▓
▓.....▓.....▓.....▓
▓...d.▓.....▓..÷÷.▓
▓.dd..▓.....▓..©..▓
▓..@..▓..©..▓▓▓▓▓▓▓
▓▓▓▓▓▓▓▓▓▓▓▓▓


You could see a red draconian and 2 draconians.

Vanquished Creatures
  2 ugly things (D)
  A draconian (D)
  A steam dragon (shapeshifter) (D)
  2 bullfrogs (D)
6 creatures vanquished.

Notes
Turn   | Place    | Note
-------+----------+-------------------------------------------
     0 | D        | funkygono the Fairy Conjurer began the quest for the Orb.
     0 | D        | Reached XP level 1. HP: 11/11 MP: 6/6
     0 | D        | Found a shimmering blue altar of Sif Muna.
     0 | D        | Found a sacrificial altar of Ru.
     0 | D        | Found a bloodstained altar of Trog.
     0 | D        | Found a stormy altar of Qazlal.
     0 | D        | Found an iron altar of Okawaru.
     0 | D        | Found a sparkling altar of Nemelex Xobeh.
     0 | D        | Found a blossoming altar of Fedhas.
     1 | D        | Found the +6 Majin-Bo {vamp, *Drain Str+12 Int+24}
     1 | D        | Found the +7 great mace "Firestarter" {inner flame, rF++}
     2 | D        | Found a transporter.
     2 | D        | Found an ancient bone altar of Kikubaaqudgha.
     2 | D        | Found a viscous altar of Jiyva.
     2 | D        | Found a corrupted altar of Lugonu.
     2 | D        | Found a hazy altar of Hepliaklqana.
     2 | D        | Found a burning altar of Makhleb.
     2 | D        | Found an opulent altar of Gozag.
    11 | D        | Found the +9 heavy crossbow "Sniper" {velocity, Acc+∞ SInv}
    11 | D        | Found the +10 dark maul {crush}
    11 | D        | Found the +15 Maxwell's patent armour {-Cast -Tele rElec
                  | MR+ rCorr}
    11 | D        | Found the +18 shield of the Gong {rElec rN+ MR+ EV-5}
    11 | D        | Found the cursed +14 obsidian axe {chop, +Fly SInv *Curse}
    53 | D        | Reached skill level 5 in Spellcasting
    53 | D        | Reached skill level 6 in Conjurations
    53 | D        | Reached XP level 2. HP: 17/17 MP: 7/10
    57 | D        | Learned a level 2 spell: Searing Ray
    99 | D        | Became a worshipper of Vehumet
   114 | D        | Entered arena 2.
   114 | D        | Noticed a bullfrog
   114 | D        | Noticed a bullfrog
   114 | D        | Found a transporter.
   124 | D        | Killed a bullfrog
   124 | D        | Reached skill level 9 in Conjurations
   124 | D        | Reached XP level 3. HP: 21/21 MP: 12/12
   124 | D        | Reached XP level 4. HP: 27/27 MP: 13/13
   129 | D        | Killed a bullfrog
   129 | D        | Reached skill level 10 in Conjurations
   129 | D        | Reached XP level 5. HP: 28/31 MP: 13/15
   140 | D        | Learned a level 3 spell: Iskenderun's Mystic Blast
   156 | D        | Entered arena 3.
   156 | D        | Noticed a steam dragon
   156 | D        | Noticed a brown ugly thing
   156 | D        | Noticed a red ugly thing
   156 | D        | Found a transporter.
   161 | D        | Killed a brown ugly thing
   161 | D        | Reached * piety under Vehumet
   161 | D        | Offered knowledge of Sandblast by Vehumet.
   161 | D        | Reached skill level 13 in Conjurations
   161 | D        | Reached XP level 6. HP: 32/36 MP: 10/19
   161 | D        | Reached XP level 7. HP: 36/41 MP: 10/20
   161 | D        | Killed a steam dragon
   161 | D        | Reached skill level 14 in Conjurations
   162 | D        | Killed a brown ugly thing
   162 | D        | Reached skill level 10 in Dodging
   162 | D        | Reached skill level 15 in Conjurations
   162 | D        | Reached XP level 8. HP: 39/46 MP: 8/23
   250 | D        | Learned a level 3 spell: Stone Arrow
   257 | D        | Learned a level 6 spell: Poison Arrow
   261 | D        | Entered arena 4.
   261 | D        | Noticed a draconian
   261 | D        | Noticed a red draconian
   261 | D        | Noticed a draconian
   261 | D        | Noticed a draconian
   261 | D        | Found a transporter.
   265 | D        | Killed a draconian
   265 | D        | Reached ** piety under Vehumet
   265 | D        | Reached skill level 10 in Spellcasting
   265 | D        | Reached skill level 16 in Conjurations
   266 | D        | Killed from afar by a red draconian

Skill      XL: |  1  2  3  4  5  6  7  8 |
---------------+-------------------------+-----
Dodging        | 7 8 9 10 | 10.7
Spellcasting   | 5 6 8 9 10 | 10.3
Conjurations   | 6 9 10 13 15 16 | 16.5
Stealth        | 2 3 |  3.2
Fighting       | |  0.4

Action                   |  1- 3 |  4- 6 |  7- 9 || total
-------------------------+-------+-------+-------++-------
 Cast: Magic Dart        |     8 |     6 |       ||    14
       Iskenderun's Myst |       |     2 |     7 ||     9
  Use: Potion            |     2 |       |       ||     2
  Eat: Ration            |     1 |       |       ||     1
Armor: Skin              |     1 |       |       ||     1
Dodge: Dodged            |    21 |     7 |     1 ||    29
Block: Other             |     2 |     2 |       ||     4
